 Dungeon Crawl Stone Soup version 0.23.2-40-g277498a (webtiles) character file.

Game seed: 11948699482642360397

2998 Aphrodieselac the Spear-Bearer (level 9, 0/65 HPs)
             Began as a Merfolk Skald on Sept 13, 2019.
             Was an Initiate of Okawaru.
             Succumbed to Erica's bolt of poison
             ... on level 8 of the Dungeon.
             The game lasted 00:42:17 (9367 turns).

Aphrodieselac the Spear-Bearer (Merfolk Skald)      Turns: 9367, Time: 00:42:17

Health: 0/65       AC:  9    Str: 12    XL:     9   Next: 84%
Magic:  12/12      EV: 11    Int: 20    God:    Okawaru [......]
Gold:   321        SH:  3    Dex: 15    Spells: 1/12 levels left

rFire    x . .     SeeInvis .   q - +0 trident
rCold    + + +     Gourm    +   f - +0 buckler
rNeg     . . .     Faith    .   b - +0 leather armour
rPois    +         Spirit   .   p - +0 helmet
rElec    .         Reflect  .   m - +2 cloak
rCorr    .         Harm     .   u - +0 pair of gloves
MR       .....                  A - +0 pair of boots
Stlth    +.........             r - amulet of the gourmand
HPRegen  0.20/turn              c - +2 ring of dexterity
MPRegen  0.13/turn              K - ring "Heawiyl" {+Fly rPois rF- rC+++ Int+5}

@: lethally poisoned (0 -> -22), slowed, lightly drained, very slow
A: change form in water, swift swim, stealthy swim
a: Renounce Religion, Evoke Flight


You were on level 8 of the Dungeon.
You worshipped Okawaru.
Okawaru was noncommittal.
You were very full.

You visited 2 branches of the dungeon, and saw 9 of its levels.

You collected 321 gold pieces.

Inventory:

Hand Weapons
 q - a +0 trident (weapon)
 s - a +0 blowgun
 N - a +1 shortbow of flaming
Missiles
 t - 27 poisoned needles
 x - 20 sling bullets
 y - 6 javelins (quivered)
 G - 8 needles of confusion
 O - 46 arrows
Armour
 b - a +0 leather armour (worn)
 f - a +0 buckler (worn)
 g - a scarf of resistance
 m - a +2 cloak (worn)
 p - a +0 helmet (worn)
 u - a +0 pair of gloves (worn)
 A - a +0 pair of boots (worn)
Jewellery
 c - a +2 ring of dexterity (left hand)
 e - an uncursed ring of see invisible
 r - an amulet of the gourmand (around neck)
 K - the ring "Heawiyl" (right hand) {+Fly rPois rF- rC+++ Int+5}
   (You found it on level 6 of the Dungeon)

   [ring of flight]

   It affects your intelligence (+5).
   It makes you vulnerable to fire.
   It renders you almost immune to cold.
   It protects you from poison.
   It lets you fly.
Wands
 C - a wand of iceblast (5)
 J - a wand of acid (10)
Scrolls
 a - a scroll of enchant weapon {unknown}
 h - a scroll of fog {unknown}
 i - 7 scrolls of identify
 j - a scroll of magic mapping
 l - 2 scrolls of teleportation {unknown}
 w - a scroll of random uselessness {unknown}
 B - 2 scrolls of enchant armour {unknown}
 F - 2 scrolls of noise {unknown}
 I - 3 scrolls of remove curse
Potions
 k - 3 potions of curing
 n - a potion of heal wounds
 o - 3 potions of flight {unknown}
 v - 2 potions of might {unknown}
 z - 2 potions of brilliance {unknown}
 D - 2 potions of mutation {unknown}
 E - a potion of experience
 H - a potion of invisibility
 L - 2 potions of lignification {unknown}
 M - 2 potions of cancellation {unknown}
Comestibles
 d - 13 rations


   Skills:
 + Level 4.3(3.9) Fighting
 * Level 12.1(11.7) Polearms
 - Level 0.6(0.2) Armour
 - Level 2.6(2.3) Dodging
 - Level 2.0(1.6) Spellcasting
 - Level 11.0(10.6) Charms


You had one spell level left.
You knew the following spells:

 Your Spells              Type           Power        Failure   Level  Hunger
a - Infusion              Chrm           ####         1%          1    #......
b - Song of Slaying       Chrm           #####...     1%          2    ###....
c - Shroud of Golubria    Chrm/Tloc      ###.......   6%          2    ###....
d - Spectral Weapon       Hex/Chrm       ###.....     12%         3    ###....
e - Regeneration          Chrm/Necr      ###.......   12%         3    ###....

Your spell library contained the following spells:

 Spells                   Type           Power        Failure   Level  Hunger


Dungeon Overview and Level Annotations

Branches:
Dungeon (8/15)             Temple (1/1) D:7
   Lair: D:8-11

Altars:
Fedhas
Nemelex Xobeh
Okawaru
Sif Muna
Uskayaw
Xom
Zin

Annotations:
D:4 2 runed translucent doors, Crazy Yiuf; Dharzhak's ghost, novice MiFi
D:8 Erica


Message History

You resist.
* * * LOW HITPOINT WARNING * * *
Wield which item (- for none, * to show all)? (? for menu, Esc to quit)
Okay, then.
You feel sick.
You feel sick.
You feel sick.
You hear some strange, mumbled words.
Something tries to affect you, but you resist.
You feel sick.
Erica appears from thin air!
Reactivating autopickup.
You feel sick. Erica gestures at you while chanting.
The bolt of poison hits you!
You are lethally poisoned!
You resist.
* * * LOW HITPOINT WARNING * * *
Erica gestures at you while chanting. You resist with significant effort.
You die...

* *,*,**,+,,#....# #.......#,,,,,
* *,,,****,*##.#####....8.$+,,,,,
***,,,*,,,,,*#.#...........#,,,,,
,,,,******,**#.#...........#*,,,*
,,,,* *,,,,,*#,#.....###+###*****
,,,******+***#,#@....#*,,,**
,,,***,,,,,,*#.#.....#,,,,,*
,,,,,,,,,.#.##.#.....#,,,,,*
,**,**,,,.......@....#,,,,,*
,*,,,,***###.#.#.....#*,,,**
,*,,,,,* *...#<...##*****
,,,,,,,* ##.,##...#********
**,,,,,**** #.,*#.......,,,,*
,*,,,,,,,,* #*>**.......,,,,*
,*,,,,,,,,* *,**.......,,,,*
,*****,,,,****,**(......,,,,* ,*
*,,,,*,,,,,,.......,,,,*


You could see Erica.

Vanquished Creatures
  Pikel (D:4)
  2 hungry ghosts (D:7)
  Menkaure (D:5)
  Duvessa (D:5)
  An orc warrior (D:6)
  2 slaves (D:3)
  A phantom (D:4)
  An ice beast (D:7)
  2 centaurs
  2 ogres (D:6)
  Blork the orc (D:5)
  3 bullfrogs (D:6)
  Dowan (D:5)
  3 scorpions
  3 wights (D:7)
  A howler monkey (D:6)
  A crimson imp (D:4)
  A quasit (D:5)
  A jelly (D:5)
  4 hounds
  An orc priest (D:7)
  A bullfrog skeleton (D:7)
  An iguana (D:7)
  5 orc wizards
  5 worker ants
  A killer bee zombie (D:6)
  Robin (D:3)
  3 gnolls (D:6)
  A howler monkey skeleton (D:4)
  7 adders
  A shadow imp (D:6)
  An ooze (D:3)
  2 adder skeletons
  2 worms
  A dart slug (D:3)
  7 leopard geckos
  12 orcs
  5 ball pythons
  5 bats
  A giant cockroach (D:6)
  7 goblins
  5 hobgoblins
  15 jackals
  6 kobolds
  6 quokkas
  8 frilled lizards
  A quokka zombie (D:5)
  8 rats
  A fungus (D:4)
153 creatures vanquished.

Vanquished Creatures (others)
  A fungus (D:4)
1 creature vanquished.

Grand Total: 154 creatures vanquished

Notes
Turn   | Place    | Note
-------+----------+-------------------------------------------
     0 | D:1      | Aphrodieselac the Merfolk Skald began the quest for the
                  | Orb.
     0 | D:1      | Reached XP level 1. HP: 16/16 MP: 3/3
   443 | D:1      | Reached XP level 2. HP: 4/22 MP: 0/5
  1726 | D:2      | Reached XP level 3. HP: 24/27 MP: 6/6
  1981 | D:2      | Found a blossoming altar of Fedhas.
  2021 | D:2      | Found a glowing silver altar of Zin.
  2486 | D:3      | Reached skill level 4 in Polearms
  2497 | D:3      | Learned a level 2 spell: Song of Slaying
  2500 | D:3      | Learned a level 2 spell: Shroud of Golubria
  2512 | D:3      | Reached XP level 4. HP: 31/33 MP: 4/7
  2770 | D:3      | Reached skill level 5 in Charms
  3241 | D:3      | Noticed Robin
  3268 | D:3      | Killed Robin
  3276 | D:3      | Reached XP level 5. HP: 25/38 MP: 1/8
  3816 | D:4      | Found a runed translucent door.
  3817 | D:4      | Noticed Crazy Yiuf
  3844 | D:4      | Noticed Pikel
  3850 | D:4      | Noticed a slave
  3854 | D:4      | Noticed a slave
  4122 | D:4      | Reached skill level 5 in Polearms
  4162 | D:4      | Noticed a phantom
  4246 | D:4      | Killed a phantom
  4246 | D:4      | Reached XP level 6. HP: 32/44 MP: 0/9
  4343 | D:4      | Found a runed translucent door.
  4344 | D:4      | Noticed Dharzhak's ghost (novice MiFi)
  4526 | D:4      | Noticed a slave
  4526 | D:4      | Noticed a slave
  4651 | D:3      | Killed a slave
  4985 | D:4      | Reached skill level 6 in Polearms
  5335 | D:3      | Killed a slave
  5800 | D:4      | Killed Pikel
  5800 | D:4      | Reached skill level 7 in Polearms
  5800 | D:4      | Reached XP level 7. HP: 11/50 MP: 8/10
  5800 | D:4      | Reached XP level 8. HP: 13/56 MP: 8/11
  6012 | D:5      | Entered Level 5 of the Dungeon
  6050 | D:5      | Noticed Menkaure
  6306 | D:5      | Noticed Duvessa
  6354 | D:5      | Killed Duvessa
  6354 | D:5      | Reached skill level 8 in Polearms
  6373 | D:5      | Noticed Dowan
  6392 | D:5      | Killed Dowan
  6807 | D:5      | Killed Menkaure
  6807 | D:5      | Reached skill level 9 in Polearms
  7059 | D:5      | Noticed Blork the orc
  7077 | D:5      | Killed Blork the orc
  7077 | D:5      | Reached skill level 10 in Charms
  7187 | D:5      | Learned a level 3 spell: Spectral Weapon
  7327 | D:6      | Found a sparkling altar of Nemelex Xobeh.
  7349 | D:6      | Reached XP level 9. HP: 36/61 MP: 4/12
  7721 | D:6      | Reached skill level 10 in Polearms
  8070 | D:6      | Got a pitted golden ring
  8074 | D:6      | Identified the ring "Heawiyl" {+Fly rPois rF- rC+++ Int+5}
                  | (You found it on level 6 of the Dungeon)
  8079 | D:6      | Learned a level 3 spell: Regeneration
  8346 | D:7      | Found a blossoming altar of Fedhas.
  8456 | D:7      | Reached skill level 11 in Polearms
  8507 | D:7      | Found a deep blue altar of Sif Muna.
  8555 | D:7      | Found a shimmering altar of Xom.
  8555 | D:7      | Found a shimmering altar of Xom.
  8568 | D:7      | Found a shimmering altar of Xom.
  8568 | D:7      | Found a shimmering altar of Xom.
  8569 | D:7      | Found a shimmering altar of Xom.
  8571 | D:7      | Found a shimmering altar of Xom.
  8833 | D:7      | Found a staircase to the Ecumenical Temple.
  8842 | Temple   | Entered the Ecumenical Temple
  8863 | Temple   | Became a worshipper of Warmaster Okawaru
  9106 | D:7      | Reached skill level 12 in Polearms
  9340 | D:8      | Noticed Erica
  9366 | D:8      | HP: 2/65 [Erica/bolt of poison (10)]
  9367 | D:8      | Succumbed to Erica's bolt of poison

Skill      XL: |  1  2  3  4  5  6  7  8  9 |
---------------+----------------------------+-----
Charms         | 4 5 6 8 10 11 | 11.0
Polearms       | 4 5 7 9 12 | 12.1
Fighting       | 4 |  4.3
Armour         | |  0.6
Dodging        | |  2.6
Spellcasting   | |  2.0

Action                   |  1- 3 |  4- 6 |  7- 9 || total
-------------------------+-------+-------+-------++-------
Melee: Spear             |   142 |     6 |       ||   148
       Trident           |       |   232 |   377 ||   609
       Blowgun           |       |    41 |       ||    41
 Fire: Blowgun           |       |    18 |     7 ||    25
Throw: Javelin           |       |     1 |     3 ||     4
 Cast: Infusion          |     6 |    16 |    27 ||    49
       Shroud of Golubri |     1 |     9 |    13 ||    23
       Song of Slaying   |       |     2 |     5 ||     7
  Use: Scroll            |     4 |       |     4 ||     8
 Stab: Sleeping          |       |     3 |     1 ||     4
  Eat: Chunk             |     5 |    12 |    29 ||    46
Armor: Leather armour    |    30 |    68 |    80 ||   178
Dodge: Dodged            |    53 |   124 |   148 ||   325
Block: Buckler           |     8 |    27 |    43 ||    78
